 Dungeon Crawl Stone Soup version 0.22-a0-379-ga9d99d6 (webtiles) character file.

826 Kairos the Chopper (level 7, -4/36 HPs)
             Began as a Vine Stalker Fighter on Apr 28, 2018.
             Was a Follower of Okawaru.
             Slain by a wyvern zombie (5 damage)
             ... on level 6 of the Dungeon.
             The game lasted 00:05:53 (4092 turns).

Kairos the Chopper (Vine Stalker Fighter)           Turns: 4092, Time: 00:05:55

Health: -4/36      AC:  8    Str: 22    XL:     7   Next: 96%
Magic:  0/8        EV:  8    Int:  8    God:    Okawaru [*.....]
Gold:   296        SH: 10    Dex: 14    Spells: 6/6 levels left

rFire    . . .     SeeInvis .   a - +0 war axe
rCold    + . .     Gourm    .   c - +0 shield
rNeg     . . .     Faith    .   b - +0 scale mail
rPois    .         Spirit   +   z - +0 helmet
rElec    +         Reflect  .   (no cloak)
rCorr    .         Harm     .   (no gloves)
MR       .....                  (no boots)
Stlth    ..........             (no amulet)
HPRegen  0.52/turn              y - ring of protection from cold
MPRegen  0.11/turn              (no ring)

@: no status effects
A: fangs 2, sense surroundings 1, regeneration 1, electricity resistance, strong
1, magic shield, antimagic bite, no potion heal 3, rot immunity
a: Heroism, Renounce Religion


You were on level 6 of the Dungeon.
You worshipped Okawaru.
Okawaru was aware of your devotion.
You were not hungry.

You visited 1 branch of the dungeon, and saw 6 of its levels.

You collected 296 gold pieces.

Inventory:

Hand Weapons
 a - a +0 war axe (weapon)
 m - a +1 trident of venom
 w - a cursed -3 flail
Missiles
 A - 3 tomahawks (quivered)
Armour
 b - a +0 scale mail (worn)
 c - a +0 shield (worn)
 z - a +0 helmet (worn)
Jewellery
 y - a ring of protection from cold (left hand)
Wands
 g - a wand of enslavement (36)
 s - a wand of polymorph (6)
 v - a wand of acid (8)
 C - a wand of iceblast (5)
Scrolls
 h - a scroll of fear {unknown}
 j - a scroll of vulnerability {unknown}
 k - 2 scrolls of blinking
 l - a scroll of magic mapping {unknown}
 o - 5 scrolls of remove curse
 p - 2 scrolls of immolation
 q - 6 scrolls of teleportation {unknown}
 x - 3 scrolls of fog
 D - 3 scrolls of identify
Potions
 d - 2 potions of might
 e - 2 potions of flight
 i - a potion of ambrosia {unknown}
 n - 2 potions of curing
 r - a potion of lignification {unknown}
 t - a potion of mutation
 u - a potion of brilliance {unknown}
Comestibles
 f - 9 rations
 B - a chunk of flesh


   Skills:
 + Level 3.5 Fighting
 + Level 5.3 Axes
 + Level 4.2 Armour
 + Level 1.5 Dodging
 + Level 0.1 Stealth
 + Level 4.2 Shields
 + Level 0.1 Invocations


You had 6 spell levels left.
You didn't know any spells.

Dungeon Overview and Level Annotations

Branches:
Dungeon (6/15)
 Temple: D:4-7

Altars:
Elyvilon
Hepliaklqana
Okawaru

Shops:
D:4 }


Innate Abilities, Weirdness & Mutations

You have extremely sharp teeth.
Your natural rate of healing is unusually fast.
When hurt, damage is shared between your health and your magic reserves.
Your bite disrupts and absorbs the magic of your enemies.
Potions cannot restore your health.
You are immune to rotting.
You passively map a small area around you.
You are resistant to electric shocks. (rElec)
Your muscles are strong. (Str +2)


Message History

You hit the wyvern zombie.
The centaur unwields an uncursed shortbow.
You block the centaur's attack. You block the wyvern zombie's attack.
You block the centaur's attack.
You hit the centaur. You bite the centaur. You drain its power.
You feel invigorated.
The centaur is moderately wounded.
You hit the wyvern zombie. The centaur hits you!
* * * LOW HITPOINT WARNING * * *
The wyvern zombie bites you.
* * * LOW HITPOINT WARNING * * *
You block the centaur's attack. The wyvern zombie barely misses you.
You don't have enough magic at the moment.
You slash the centaur!
The centaur is almost dead.
You hit the wyvern zombie. You block the centaur's attack.
You block the wyvern zombie's attack. The centaur hits you.
* * * LOW HITPOINT WARNING * * *
The wyvern zombie bites you.
You die...

, , ,
#######.........
######....#####
, #.........#≈ *
,*# #.#####.###≈
* #.#.######.#
##.## ≈ ≈ *
..........# ##.#
≈ #..####..# ###
** ,
#.#.#$###(.# ,
#.....Z@...# * ,
#.#....c........
, ≈
#...#.##.######
≈≈≈≈ * ##.#.#
#.# ≈≈ ##.# #.#
... ..# * *###
*###


You could see a centaur and a wyvern zombie.

Vanquished Creatures
  A sky beast (D:5)
  An ogre (D:4)
  A centaur (D:5)
  A crimson imp (D:5)
  7 orc priests
  A centaur zombie (D:5)
  Ijyb (D:5)
  2 worker ants
  An orc wizard (D:4)
  7 adders
  3 oozes
  An adder zombie (D:5)
  2 adder skeletons (D:5)
  5 worms
  2 dart slugs (D:1)
  3 leopard geckos
  14 orcs
  A ball python (D:5)
  6 bats
  4 giant cockroaches
  10 goblins
  5 hobgoblins
  4 jackals (D:4)
  4 kobolds
  4 quokkas
  9 frilled lizards
  7 rats
107 creatures vanquished.

Notes
Turn   | Place    | Note
-------+----------+-------------------------------------------
     0 | D:1      | Kairos the Vine Stalker Fighter began the quest for the Orb.
     0 | D:1      | Reached XP level 1. HP: 11/11 MP: 2/2
    59 | D:1      | Reached XP level 2. HP: 16/16 MP: 3/3
   168 | D:1      | Reached XP level 3. HP: 18/19 MP: 4/4
   207 | D:1      | Reached skill level 2 in Axes
   962 | D:2      | Gained mutation: Your natural rate of healing is unusually fast. [Vine Stalker growth]
   962 | D:2      | Reached XP level 4. HP: 10/24 MP: 5/5
  1666 | D:3      | Found an iron altar of Okawaru.
  1691 | D:3      | Became a worshipper of Warmaster Okawaru
  2064 | D:3      | Reached XP level 5. HP: 28/28 MP: 6/6
  2296 | D:3      | Reached skill level 3 in Axes
  2524 | D:3      | Gained mutation: Your spells are a little easier to cast, but a little less powerful. [potion of mutation]
  2524 | D:3      | Gained mutation: Armour fits poorly on your strangely shaped body. [potion of mutation]
  2524 | D:3      | Gained mutation: You are partially covered in slimy green scales. (AC +2) [potion of mutation]
  2525 | D:3      | Lost mutation: Your spells are a little easier to cast, but a little less powerful. [potion of mutation]
  2525 | D:3      | Lost mutation: You are partially covered in slimy green scales. (AC +2) [potion of mutation]
  2525 | D:3      | Lost mutation: Armour fits poorly on your strangely shaped body. [potion of mutation]
  2525 | D:3      | Gained mutation: You are resistant to electric shocks. (rElec) [potion of mutation]
  2525 | D:3      | Gained mutation: Your muscles are strong. (Str +2) [potion of mutation]
  2525 | D:3      | Gained mutation: You passively map a small area around you. [potion of mutation]
  2619 | D:4      | Reached XP level 6. HP: 25/32 MP: 4/7
  2633 | D:4      | Found a hazy altar of Hepliaklqana.
  2741 | D:4      | Reached skill level 1 in Dodging
  3042 | D:4      | Found Kybos's Gadget Shoppe.
  3181 | D:5      | Entered Level 5 of the Dungeon
  3233 | D:5      | Reached skill level 4 in Axes
  3242 | D:5      | Noticed a sky beast
  3256 | D:5      | Killed a sky beast
  3256 | D:5      | Reached XP level 7. HP: 31/36 MP: 8/8
  3324 | D:5      | Reached * piety under Okawaru
  3475 | D:5      | Noticed Ijyb
  3479 | D:5      | Reached skill level 5 in Axes
  3491 | D:5      | Killed Ijyb
  4002 | D:6      | Found a white marble altar of Elyvilon.
  4092 | D:6      | HP: 1/36 [centaur (2)]
  4092 | D:6      | Slain by a wyvern zombie

Vault maps used:
D:1:      dpeg_arrival_pits
D:3:      first_ration, kennysheep_okawaru_gauntlet
D:4:      old_standard_altar, serial_shops, nicolae_shop_stone
D:5:      uniq_ijyb
D:6:      minmay_temple_entry_poolview, elyvilon_altar_5

Skill      XL: |  1  2  3  4  5  6  7 |
---------------+----------------------+-----
Shields        | 3 4 |  4.2
Fighting       | 3 |  3.5
Axes           | 2 3 4 5 |  5.3
Armour         | 3 4 |  4.2
Dodging        | 1 |  1.5
Stealth        | |  0.1
Invocations    | |  0.1

Action                   |  1- 3 |  4- 6 |  7- 9 || total
-------------------------+-------+-------+-------++-------
Melee: War axe           |    89 |   136 |    83 ||   308
       Bite              |    19 |    39 |    33 ||    91
Invok: Heroism           |       |       |     3 ||     3
  Use: Potion            |     3 |     2 |       ||     5
       Scroll            |       |     5 |     1 ||     6
  Eat: Chunk             |       |     8 |     3 ||    11
Armor: Scale mail        |    40 |    65 |    28 ||   133
Dodge: Dodged            |    37 |    39 |    37 ||   113
Block: Shield            |    45 |    93 |    53 ||   191

Table legend:
 A = Spawn XP
 B = Non-spawn XP
 C = Spawn XP percentage of total XP
 D = Spawn monster count
 E = Non-spawn monster count
 F = Spawn count percentage of total count
 G = Total turns spent on level
                    A         B        C        D         E        F      G
               +---------+---------+-------+---------+---------+-------+---------
         Total |       0 |    1181 |   0.0 |       0 |     107 |   0.0 |  4092
               +---------+---------+-------+---------+---------+-------+---------
           D:1 |       0 |      53 |   0.0 |       0 |      22 |   0.0 |   403
           D:2 |       0 |      39 |   0.0 |       0 |       9 |   0.0 |  1128
           D:3 |       0 |     172 |   0.0 |       0 |      31 |   0.0 |  1016
           D:4 |       0 |     201 |   0.0 |       0 |      18 |   0.0 |   634
           D:5 |       0 |     680 |   0.0 |       0 |      25 |   0.0 |   770
           D:6 |       0 |      36 |   0.0 |       0 |       2 |   0.0 |   141
               +---------+---------+-------+---------+---------+-------+---------
